 Dungeon Crawl Stone Soup version 0.26-a0-651-gb41185065b (webtiles) character file.

Game seed: 11409884240545101595

786 Lanoc the Cudgeler (level 7, -5/45 HPs)
             Began as an Octopode Chaos Knight on Oct 11, 2020.
             Was a Plaything of Xom.
             Slain by an ogre
             ... wielding a +0 giant spiked club
              (28 damage)
             ... on level 5 of the Dungeon.
             The game lasted 00:09:17 (4272 turns).

Lanoc the Cudgeler (Octopode Chaos Knight)          Turns: 4272, Time: 00:09:18

Health: -5/45      AC:  1    Str: 11    XL:     7   Next: 87%
Magic:  7/7        EV: 17    Int: 10    God:    Xom [.*....]
Gold:   210        SH:  0    Dex: 22    Spells: 6/6 levels left

rFire    + . .     SeeInvis .   a - +0 mace (chaos)
rCold    + . .     Faith    .   (no shield)
rNeg     . . .     Spirit   .   (helmet restricted)
rPois    +         Reflect  .   o - amulet of the acrobat
rElec    .         Harm     .   d - ring of wizardry
rCorr    .         Rampage  .   b - ring of protection from magic
MR       +....     Clarity  +   h - +6 ring of dexterity
Stlth    +++.......             p - ring of protection from cold
HPRegen  0.15/turn              (no ring)
MPRegen  0.10/turn              (no ring)
                                (no ring)
                                (no ring)

@: studying Staves
A: almost no armour, stealthy swim, amphibious, 8 rings, constrict 8, camouflage
1, agile 1, clarity, dopey 2, fire resistance 1, frail 1, poison resistance,
gelatinous body 1
a: Renounce Religion


You were on level 5 of the Dungeon.
You worshipped Xom.
You were a plaything of Xom.
You visited 2 branches of the dungeon, and saw 6 of its levels.

You collected 210 gold pieces.

Inventory:

Hand Weapons
 a - a +0 mace of chaos (weapon)
 E - the cursed +3 spear "Dosuwol" {vamp, +Rage}
   (You took it off a gnoll on level 4 of the Dungeon)

   It inflicts no extra harm, but heals its wielder when it wounds a living foe.
   It lets you go berserk.
   It has a curse placed upon it.
Missiles
 C - 12 poisoned darts
 D - 3 datura-tipped darts (quivered)
 G - a throwing net
Armour
 q - a +0 kite shield
Jewellery
 b - a ring of protection from magic (right tentacle)
 d - a ring of wizardry (left tentacle)
 h - a +6 ring of dexterity (on tentacle)
 o - an amulet of the acrobat (around mantle)
 p - a ring of protection from cold (on tentacle)
Wands
 r - a wand of acid (5)
 F - a wand of paralysis (1)
Scrolls
 c - a scroll of fear {unknown}
 e - 3 scrolls of remove curse
 g - 4 scrolls of identify {unknown}
 k - 3 scrolls of enchant weapon {unknown}
 t - a scroll of random uselessness {unknown}
 y - a scroll of magic mapping {unknown}
 z - a scroll of blinking {unknown}
 H - a scroll of holy word {unknown}
 I - a scroll of teleportation {unknown}
 J - a scroll of fog {unknown}
Potions
 f - a potion of ambrosia {unknown}
 i - a potion of heal wounds {unknown}
 j - 2 potions of magic {unknown}
 l - a potion of might {unknown}
 m - 3 potions of curing {unknown}
 n - a potion of mutation {unknown}
 s - a potion of degeneration {unknown}
 u - 3 potions of cancellation {unknown}
 v - a potion of brilliance {unknown}
 w - 2 potions of lignification {unknown}
 x - a potion of resistance {unknown}
 A - a potion of haste {unknown}
Books
 B - a manual of Staves


   Skills:
 + Level 5.1 Fighting
 * Level 6.7 Maces & Flails
 + Level 4.8 Dodging


You had 6 spell levels left.
You didn't know any spells.
Your spell library was empty.

Dungeon Overview and Level Annotations

Branches:
Dungeon (5/15)             Temple (1/1) D:4

Altars:
Ashenzari
Cheibriados
Dithmenos
Elyvilon
Fedhas
Gozag
Hepliaklqana
Kikubaaqudgha
Nemelex Xobeh
Qazlal
Ru
Sif Muna
Uskayaw
Vehumet
Wu Jian
Xom
Yredelemnul
The Shining One

Annotations:
D:4 Irenicus's ghost, amateur DDGl


Innate Abilities, Weirdness & Mutations

You cannot wear most types of armour.
You are very stealthy in the water. (Stealth+)
You are amphibious.
You can wear up to eight rings at the same time.
You can use your tentacles to constrict eight enemies at once.
Your skin changes colour to match your surroundings (Stealth+).
Your rubbery body absorbs attacks. (AC +1, EV +1)
You are agile. (Dex +2)
You possess an exceptional clarity of mind.
You are very dopey. (Int -4)
Your flesh is heat resistant. (rF+)
You are frail. (-10% HP)
Your system is resistant to poisons. (rPois)


Message History

The ogre is heavily wounded.
The helpless ogre fails to defend itself.
You hit the ogre.
The ogre is heavily wounded.
The ogre is no longer paralysed.
The ogre barely misses you.
You completely miss the ogre. You squeeze the ogre, but do no damage.
The ogre is heavily wounded.
The ogre closely misses you.
You hit the ogre but do no damage.
The ogre is heavily wounded.
The ogre hits you with a +0 giant spiked club!!
You hit the ogre.
The ogre is poisoned.
The ogre is heavily wounded.
The ogre closely misses you.
You closely miss the ogre.
The ogre is heavily wounded.
The ogre hits you with a +0 giant spiked club!!
Ouch! That really hurt!
You die...
Xom guffaws!

##.....###.#.#.#.####
##...## #.#.##.....#
##.## #.#.###.##.# ###
#.#.###.##.#
#.......##.#
###.###.##.# #.#
#.##.###
#.##########.###.......
#>..O@.....#....######
#.##########.###.# #.#
#.# #.. ..# #######


You could see an ogre (fast, agile, very poisoned).

Vanquished Creatures
  Duvessa (D:4)
  2 phantoms
  An ogre (D:4)
  Blork the orc (D:5)
  2 hounds (D:4)
  A centaur skeleton (D:4)
  Jessica (D:3)
  2 bullfrog skeletons
  2 worker ants
  5 gnolls (D:4)
  4 adders
  3 worms
  8 leopard geckos
  9 orcs
  2 ball pythons
  5 bats
  4 giant cockroaches
  3 hobgoblins
  6 kobolds
  3 quokkas (D:4)
  3 frilled lizards
  A giant cockroach zombie (D:5)
  4 goblins
  3 rats
76 creatures vanquished.

Vanquished Creatures (collateral kills)
  Dowan (D:4)
  A gnoll (D:4)
2 creatures vanquished.

Vanquished Creatures (others)
  2 gnolls (D:4)
  6 plants (D:4)
8 creatures vanquished.

Grand Total: 86 creatures vanquished

Notes
Turn   | Place    | Note
-------+----------+-------------------------------------------
     0 | D:1      | Lanoc the Octopode Chaos Knight began the quest for the
                  | Orb.
     0 | D:1      | Reached XP level 1. HP: 16/16 MP: 1/1
    34 | D:1      | Reached XP level 2. HP: 19/21 MP: 2/2
   126 | D:1      | XOM: silly message
   248 | D:1      | You fall into a shaft and drop 1 floor!
   251 | D:2      | XOM: silly message
   574 | D:2      | Reached XP level 3. HP: 26/26 MP: 3/3
   681 | D:2      | XOM: cloud trail
   792 | D:2      | XOM: 2-stop teleportation journey
   947 | D:2      | XOM: give mutations
   947 | D:2      | Gained mutation: Your flesh is heat resistant. (rF+) [Xom's
                  | grace]
   947 | D:2      | Gained mutation: You possess an exceptional clarity of
                  | mind. [Xom's grace]
   947 | D:2      | Gained mutation: You are agile. (Dex +2) [Xom's grace]
   947 | D:2      | Gained mutation: Your system is resistant to poisons.
                  | (rPois) [Xom's grace]
   958 | D:2      | Reached skill level 4 in Maces & Flails
   959 | D:2      | Reached XP level 4. HP: 29/31 MP: 4/4
  1069 | D:2      | XOM: cloud trail
  1223 | D:3      | Noticed Jessica
  1228 | D:3      | Killed Jessica
  1339 | D:3      | XOM: summons 3 hostile demons
  1340 | D:3      | Noticed a chaos spawn
  1742 | D:3      | Reached XP level 5. HP: 37/37 MP: 5/5
  1967 | D:4      | Found an ornate altar of the Wu Jian Council.
  2068 | D:4      | Noticed an ogre
  2164 | D:3      | XOM: draining
  2302 | D:4      | Reached skill level 5 in Maces & Flails
  2387 | D:4      | Noticed a phantom
  2390 | D:4      | Noticed Duvessa
  2390 | D:4      | Noticed Dowan
  2395 | D:4      | XOM: swap monsters
  2406 | D:4      | Killed a phantom
  2406 | D:4      | Reached XP level 6. HP: 39/43 MP: 6/6
  2436 | D:4      | XOM: summons 4 hostile demons
  2437 | D:4      | Noticed a neqoxec
  2437 | D:4      | Noticed a chaos spawn
  2437 | D:4      | Noticed a ynoxinul
  2445 | D:4      | Gained mutation: You are dopey. (Int -2) [a neqoxec]
  2446 | D:4      | Gained mutation: You are frail. (-10% HP) [a neqoxec]
  2454 | D:5      | Entered Level 5 of the Dungeon
  2570 | D:4      | XOM: give mutation
  2570 | D:4      | Gained mutation: You are very dopey. (Int -4) [Xom's
                  | mischief]
  2718 | D:4      | Found a transporter.
  2721 | D:4      | Found a transporter.
  2727 | D:4      | Noticed Irenicus's ghost (amateur DDGl)
  2741 | D:4      | XOM: blink monster(s)
  2753 | D:4      | Identified the cursed +3 spear "Dosuwol" {vamp, +Rage}
  2793 | D:4      | XOM: butterfly on damage
  2794 | D:4      | Killed Dowan
  2824 | D:4      | Killed Duvessa
  2876 | D:4      | XOM: scenery: create altars
  2988 | D:4      | XOM: noise
  2992 | D:4      | Found a staircase to the Ecumenical Temple.
  2992 | D:4      | XOM: 3-stop teleportation journey
  3034 | D:4      | Reached XP level 7. HP: 44/44 MP: 7/7
  3038 | Temple   | Entered the Ecumenical Temple
  3124 | Temple   | XOM: god gift: 9 arrows
  3292 | D:4      | Reached skill level 6 in Maces & Flails
  3477 | D:4      | XOM: divination: detect creatures
  3528 | D:4      | XOM: confuse monster(s)
  3552 | D:4      | XOM: divination: magic mapping
  3615 | D:4      | XOM: enchant monster (bad)
  3825 | D:5      | Noticed Blork the orc
  3832 | D:5      | Killed Blork the orc
  3851 | D:5      | Reached skill level 5 in Fighting
  4263 | D:5      | XOM: enchant monster (good)
  4272 | D:5      | Slain by an ogre

Illustrated notes

Levels and vault maps discovered:
D:1:      dpeg_arrival_pond, layout_rooms, minmay_misc_feat_room,
          minmay_three_crescents
D:2:      layout_basic
D:3:      layout_loops_ring, uniq_jessica
D:4:      layout_rooms, lemuel_doored_altar, minmay_temple_entry_nine_rooms,
          gammafunk_ghost_gnarly_gnolls, uniq_duvessa
D:5:      layout_loops_ring, uniq_blork_the_orc
Temple:   nicolae_temple_elliptical

Skill      XL: |  1  2  3  4  5  6  7 |
---------------+----------------------+-----
Dodging        | 3 4 |  4.8
Maces & Flails | 4 5 6 |  6.7
Fighting       | 4 5 |  5.1

Action                   |  1- 3 |  4- 6 |  7- 9 || total
-------------------------+-------+-------+-------++-------
Melee: Mace              |    45 |    79 |    42 ||   166
       Constrict         |    14 |    17 |     6 ||    37
       Tentacles         |     8 |    26 |    15 ||    49
Throw: Dart              |       |     3 |    12 ||    15
  Use: Scroll            |       |       |     1 ||     1
 Stab: Sleeping          |     7 |    11 |     3 ||    21
       Confused          |       |     3 |       ||     3
       Distracted        |       |     1 |     1 ||     2
       Paralysed         |       |       |     4 ||     4
Armor: Skin              |       |     1 |       ||     1
Dodge: Dodged            |    34 |    59 |    28 ||   121

Table legend: (Time is in decaauts)
 A = Elapsed time spent in this place.
 B = Non-inter-level travel time spent in this place.
 C = Inter-level travel time spent in this place.
 D = Time resting spent in this place.
 E = Time spent auto-exploring this place.
 F = Levels seen in this place.
 G = Mean time per level.
                   A        B        C        D        E       F      G
               +--------+--------+--------+--------+--------+-----+--------+
         Total |   4299 |   4169 |    130 |    267 |   3027 |   6 |  716.5 |
       Dungeon |   4156 |   4048 |    108 |    267 |   2910 |   5 |  831.2 |
        Temple |    142 |    120 |     22 |      0 |    117 |   1 |  142.0 |
               +--------+--------+--------+--------+--------+-----+--------+

Top non-repeatable levels by time:
     D:4: 1442 daAuts
     D:3: 962 daAuts
     D:2: 936 daAuts
     D:5: 564 daAuts
     D:1: 250 daAuts
  Temple: 142 daAuts
